 Dungeon Crawl Stone Soup version 0.28.0-53-g5a82cb258f (webtiles) character file.

Game seed: 17501824299680228192

1229 DocClef the Tainter (level 8, -1/57 HPs)
             Began as a Green Draconian Venom Mage on July 11, 2022.
             Was a Follower of Vehumet.
             Slain by Maggie
             ... wielding a +0 scimitar
              (8 damage)
             ... on level 6 of the Dungeon.
             The game lasted 00:12:02 (7577 turns).

DocClef the Tainter (Green Draconian Venom Mage)    Turns: 7577, Time: 00:12:03

Health: -1/57      AC:  2    Str: 11    XL:     8   Next: 24%
Magic:  27/27      EV: 19    Int: 18    God:    Vehumet [*.....]
Gold:   74         SH:  0    Dex: 16    Spells: 16/20 levels left

rFire   . . .      SeeInvis .   (weapon currently unavailable)
rCold   . . .      Faith    .   (shield currently unavailable)
rNeg    . . .      Spirit   .   (armour unavailable)
rPois   x          Reflect  .   (helmet currently unavailable)
rElec   .          Harm     .   (cloak currently unavailable)
rCorr   .          Rampage  .   (gloves currently unavailable)
Will    .....                   (boots currently unavailable)
Stlth   ++........              b - amulet of magic regeneration
HPRegen 0.19/turn               e - ring of magical power
MPRegen 0.60/turn               (no ring)

@: spider-form
A: venomous fangs, (breathe noxious fumes), AC +6, tiny, unfitting armour,
(poison resistance), (cold-blooded)
a: End Transformation, Renounce Religion


You were on level 6 of the Dungeon.
You worshipped Vehumet.
Vehumet was aware of your devotion.
You were a venomous arachnid creature.
You visited 1 branch of the dungeon, and saw 6 of its levels.

You collected 302 gold pieces.
You spent 228 gold pieces at shops.

Inventory:

Hand Weapons
 m - the +6 dagger of Karma (melded) {vorpal, rF+ rC++ rCorr}
   (You found it on level 3 of the Dungeon)

   It inflicts extra damage upon your enemies.
   rF:        It protects you from fire.
   rC:        It greatly protects you from cold.
   rCorr:     It protects you from acid and corrosion.
Armour
 a - a +1 pair of gloves (melded)
Jewellery
 b - an amulet of magic regeneration (around neck)
 e - a ring of magical power (left front leg)
 n - a ring of fire
Wands
 s - a wand of acid (12)
 u - a wand of flame (13)
Scrolls
 c - a scroll of enchant armour {unknown}
 g - a scroll of fear {unknown}
 h - a scroll of holy word {unknown}
 p - a scroll of teleportation {unknown}
 r - a scroll of fog {unknown}
 t - 2 scrolls of identify
 v - a scroll of vulnerability
 y - a scroll of noise {unknown}
 z - a scroll of brand weapon {unknown}
Potions
 d - 5 potions of ambrosia {unknown}
 f - a potion of berserk rage
 i - a potion of heal wounds {unknown}
 j - 2 potions of haste {unknown}
 k - 3 potions of lignification {unknown}
 l - a potion of flight {unknown}
 o - a potion of attraction {unknown}
 q - 2 potions of curing
 w - a potion of mutation
 x - a potion of might {unknown}


   Skills:
 - Level 1.7 Dodging
 - Level 1.7 Stealth
 - Level 6.6 Spellcasting
 - Level 1.0 Transmutations
 + Level 9.2 Poison Magic


You had 16 spell levels left.
You knew the following spells:

 Your Spells              Type           Power      Damage    Failure   Level
a - Sting                 Tmut/Pois      96%        1d7       6%          1
b - Spider Form           Tmut/Pois      24%        N/A       13%         3

Your spell library contained the following spells:

 Spells                   Type           Power      Damage    Failure   Level
 Freeze                   Ice            24%        1d5       26%         1
 Poisonous Vapours        Pois/Air       44%        N/A       10%         2
 Olgreb's Toxic Radiance  Pois           39%        N/A       10%         4
 Beastly Appendage        Tmut           18%        N/A       21%         1
 Mephitic Cloud           Conj/Pois/Air  17%        N/A       24%         3
 Wereblood                Tmut           9%         N/A       26%         2
 Alistair's Intoxication  Tmut/Pois      16%        N/A       58%         5
 Eringya's Noxious Bog    Tmut/Pois      12%        N/A       98%         6
 Borgnjor's Vile Clutch   Necr/Erth      3%         N/A       99%         5


Dungeon Overview and Level Annotations

Branches:
Dungeon (6/15)             Temple (0/1) D:4

Altars:
Sif Muna
Trog
Vehumet
The Shining One

Shops:
D:5 (!!!*

Annotations:
D:6 Maggie


Innate Abilities, Weirdness & Mutations

You are a venomous arachnid creature.
You have poisonous fangs.
You are tiny and dextrous.
Your spellcasting is less reliable in this form.
Your armour is entirely melded.
You are incapable of wielding weapons or throwing items.
((You can breathe blasts of noxious fumes.))
((Your lurid green scales are hard. (AC +6)))
You cannot fit into any form of body armour.
((Your system is resistant to poisons. (rPois)))
((You are cold-blooded and may be slowed by cold attacks.))


Message History

Maggie is heavily wounded.
Maggie hits you with a +0 scimitar!
You hit Maggie.
Maggie is heavily wounded.
Maggie barely misses you.
You closely miss Maggie.
Maggie is heavily wounded.
Maggie casts a spell at you. The bolt of fire hits you! You resist.
Unknown command.
Casting: Sting (safe; 1% risk of failure)
Confirm with . or Enter, or press ? or * to list all spells.
You turn into a venomous arachnid creature.
The +6 dagger of Karma {vorpal, rF+ rC++ rCorr} melds into your body.
Your +1 pair of gloves melds into your body.
Maggie hits you with a +0 scimitar!
* * * LOW HITPOINT WARNING * * *
Unknown command.
You completely miss Maggie.
Maggie is heavily wounded.
Maggie misses you.
You hit Maggie but do no damage.
Maggie looks even sicker.
Maggie is severely wounded.
Maggie barely misses you.
You hit Maggie but do no damage.
Maggie looks as sick as possible!
Maggie is severely wounded.
Maggie misses you.
You hit Maggie but do no damage.
Maggie looks as sick as possible!
Maggie is severely wounded.
Maggie hits you with a +0 scimitar.
* * * LOW HITPOINT WARNING * * *
Unknown command.
You hit Maggie but do no damage.
Maggie looks as sick as possible!
Maggie is severely wounded.
You break out of your daze.
Maggie closely misses you.
You hit Maggie but do no damage.
Maggie looks as sick as possible!
Maggie is severely wounded.
Maggie hits you with a +0 scimitar!
You die...

##.....#.#
#..).....######.
#[..............
#........#......
###.....#.#.#.#.#
##......$..#.#.#.#
...........#.#.#.#
#.?......†#.#.#.#
####..s###......#
#..@##.#.###.#
#...#.##.# #.#
##.###.#.###.#
#...<.......#
#####...#.###
#...#.#
#...#.#####
.(≈≈≈≈○..#
########...#.....#


You could see Maggie (extremely poisoned).

Vanquished Creatures
  Duvessa (D:4)
  2 necrophages (D:6)
  An ogre (D:5)
  A bullfrog (D:5)
  2 scorpions
  A water moccasin zombie (D:5)
  Dowan (D:4)
  A howler monkey (D:3)
  A centaur zombie (D:5)
  A crimson imp (D:4)
  2 hounds
  A jelly (D:5)
  An orc priest (D:5)
  Jessica (D:2)
  Natasha (thrice) (D:2)
  2 iguanas
  Robin (D:2)
  9 adders
  A white imp (D:4)
  6 worms
  A dart slug (D:1)
  10 orcs (D:5)
  5 bats
  4 endoplasms
  2 giant cockroaches (D:3)
  14 goblins
  11 hobgoblins
  5 quokkas
  7 ball pythons
  3 frilled lizards
  5 kobolds
  3 rats
109 creatures vanquished.

Notes
Turn   | Place    | Note
-------+----------+-------------------------------------------
     0 | D:1      | DocClef the Draconian Venom Mage began the quest for the
                  | Orb.
     0 | D:1      | Reached XP level 1. HP: 14/14 MP: 3/3
   541 | D:1      | Reached XP level 2. HP: 20/20 MP: 3/5
   793 | D:1      | Reached skill level 4 in Poison Magic
  1042 | D:1      | Reached XP level 3. HP: 24/26 MP: 6/6
  1669 | D:2      | Noticed Natasha
  1681 | D:2      | Killed Natasha
  1682 | D:2      | Reached XP level 4. HP: 22/33 MP: 1/8
  1808 | D:2      | Noticed Jessica
  1814 | D:2      | Killed Jessica
  1966 | D:2      | Reached XP level 5. HP: 33/38 MP: 6/10
  2062 | D:2      | Noticed Natasha
  2072 | D:2      | Killed Natasha
  2125 | D:2      | Found a radiant altar of Vehumet.
  2151 | D:2      | Became a worshipper of Vehumet
  2364 | D:2      | Noticed Natasha
  2371 | D:2      | Killed Natasha
  2497 | D:2      | Noticed Robin
  2538 | D:2      | Killed Robin
  2799 | D:3      | Identified the +6 dagger of Karma {vorpal, rF+ rC++ rCorr}
  2996 | D:3      | Reached skill level 5 in Spellcasting
  2996 | D:3      | Reached XP level 6. HP: 38/45 MP: 10/13
  3589 | D:4      | Found a glowing golden altar of the Shining One.
  3623 | D:4      | Noticed Duvessa
  3623 | D:4      | Noticed Dowan
  3844 | D:4      | Found a staircase to the Ecumenical Temple.
  3850 | D:4      | Reached * piety under Vehumet
  3850 | D:4      | Offered knowledge of Freeze by Vehumet.
  3918 | D:5      | Entered Level 5 of the Dungeon
  3918 | D:5      | Found Vuxemapu's Distillery.
  4019 | D:5      | Bought a potion of curing for 36 gold pieces
  4210 | D:5      | Found Feta's Weapon Emporium.
  4449 | D:5      | Found a bloodstained altar of Trog.
  4478 | D:5      | HP: 2/45 [ogre/+0 giant spiked club (7)]
  4493 | D:5      | Your scales start taking on a lurid green colour.
  4493 | D:5      | Reached skill level 5 in Poison Magic
  4493 | D:5      | Reached XP level 7. HP: 4/50 MP: 17/17
  4493 | D:5      | Gained mutation: Your system is resistant to poisons.
                  | (rPois) [Green Draconian growth]
  5038 | D:5      | Paralysed by an orc for 6 turns
  5047 | D:5      | Paralysed by an orc for 3 turns
  5054 | D:5      | Paralysed by an orc for 2 turns
  5351 | D:5      | Found Rontue's General Store.
  5374 | D:5      | Bought a scroll of identify for 22 gold pieces
  5374 | D:5      | Bought a scroll of vulnerability for 82 gold pieces
  5374 | D:5      | Bought a potion of mutation for 88 gold pieces
  5376 | D:5      | Found Fuosoila's Distillery.
  5382 | D:5      | Found Gexasina's Distillery.
  5429 | D:5      | Reached skill level 6 in Poison Magic
  6572 | D:4      | Killed Duvessa
  6573 | D:4      | Reached skill level 7 in Poison Magic
  6613 | D:5      | Learned a level 3 spell: Spider Form
  6939 | D:4      | Killed Dowan
  7129 | D:6      | Found a shimmering blue altar of Sif Muna.
  7195 | D:6      | Reached skill level 8 in Poison Magic
  7226 | D:6      | Reached XP level 8. HP: 55/57 MP: 18/18
  7400 | D:6      | Reached skill level 9 in Poison Magic
  7401 | D:6      | Noticed Maggie
  7577 | D:6      | Slain by Maggie

Illustrated notes

Levels and vault maps discovered:
D:1:      lightli_arrival_maybe_door_vault, layout_loops_ring,
          minmay_heptomino_w4
D:2:      layout_basic, basic_altar, uniq_robin, uniq_jessica, uniq_natasha
D:3:      layout_loops_ring, hangedman_decor_clover_reticule, nicolae_wormholes
D:4:      layout_basic, mainiacjoe_overflow_cross_hatched, temple_statues,
          minmay_fire_ice_demons, uniq_duvessa
D:5:      cheibrodos_iron_armory, layout_loops_ring, lemuel_doored_altar,
          serial_shops, shop, nicolae_shop_statue_plus,
          nicolae_shop_bloodbath_and_beyond, shop_coins, shop
D:6:      layout_loops_ring, nicolae_sif_muna_condensation, uniq_maggie

Skill      XL: |  1  2  3  4  5  6  7  8 |
---------------+-------------------------+-----
Poison Magic   | 4 5 8 9 |  9.2
Spellcasting   | 3 5 6 |  6.6
Dodging        | |  1.7
Stealth        | |  1.7
Transmutations | |  1.0

Action                   |  1- 3 |  4- 6 |  7- 9 || total
-------------------------+-------+-------+-------++-------
Melee: Unarmed           |    22 |       |    38 ||    60
       Tailslap          |     9 |    12 |    11 ||    32
       Punch             |     1 |       |       ||     1
       Dagger            |    54 |    86 |    77 ||   217
       Club              |    12 |       |       ||    12
 Cast: Sting             |    34 |   105 |    32 ||   171
       Spider Form       |       |       |     3 ||     3
 Abil: Breathe Noxious F |       |       |     4 ||     4
 Stab: Sleeping          |     2 |     1 |     2 ||     5
Armor: Skin              |    49 |    58 |    24 ||   131
Dodge: Dodged            |    75 |   100 |    78 ||   253
